 Dungeon Crawl Stone Soup version 0.30-a0-23-ge60ba3568b (webtiles) character file.

Game seed: 5988316435349155569

303 SensoryNuts the Chopper (level 6, -2/51 (53) HPs)
             Began as a Minotaur Fighter on Aug 24, 2022.
             Succumbed to Crazy Yiuf's poison
             ... on level 2 of the Dungeon.
             The game lasted 00:01:41 (2364 turns).

SensoryNuts the Chopper (Minotaur Fighter)          Turns: 2364, Time: 00:01:42

HP:   -2/51 (53)    AC:  7    Str: 20    XL:     6   Next: 15%
MP:   5/5           EV:  9    Int:  5    God:
Gold: 124           SH:  5    Dex: 12    Spells: 5/5 levels left

rFire   . . .      SeeInvis .    a - +0 war axe
rCold   . . .      Faith    .    c - +0 buckler
rNeg    . . .      Spirit   .    b - +0 scale mail
rPois   .          Reflect  .    (helmet restricted)
rElec   .          Harm     .    (no cloak)
rCorr   .          Rampage  .    (no gloves)
Will    .....                    (no boots)
Stlth   ..........               (no amulet)
HPRegen 0.17/turn                (no ring)
MPRegen 0.09/turn                (no ring)

@: lethally poisoned (-2 -> -17), lightly drained
A: horns 2, retaliatory headbutt
a: no special abilities


You were on level 2 of the Dungeon.
You visited 1 branch of the dungeon, and saw 2 of its levels.

You collected 124 gold pieces.

Inventory:

Hand Weapons
 a - a +0 war axe (weapon)
Armour
 b - a +0 scale mail (worn)
 c - a +0 buckler (worn)
Scrolls
 e - a scroll of magic mapping
Potions
 d - a potion of flight {unknown}
 f - a potion of brilliance {unknown}
 g - a potion of degeneration {unknown}


   Skills:
 + Level 4.6 Fighting
 * Level 5.7 Axes
 + Level 5.0 Armour
 + Level 1.0 Dodging
 + Level 0.4 Stealth
 + Level 4.0 Shields


You had 5 spell levels left.
You didn't know any spells.
Your spell library contained the following spells:

 Spells                   Type           Power      Damage    Failure   Level
 Summon Small Mammal      Summ           0%         N/A       88%         1
 Call Canine Familiar     Summ           0%         N/A       99%         3
 Portal Projectile        Hex/Tloc       0%         N/A       99%         3
 Summon Guardian Golem    Hex/Summ       0%         N/A       99%         3
 Tukima's Dance           Hex            0%         N/A       99%         3
 Blade Hands              Tmut           0%         N/A       100%        5


Dungeon Overview and Level Annotations

Branches:
Dungeon (2/15)

Altars:

Annotations:
D:2 Crazy Yiuf


Innate Abilities, Weirdness & Mutations

You have a pair of horns on your head.
You reflexively headbutt those who attack you in melee.


Message History

Crazy Yiuf whimpers, "Flower!
Cholesterol turtle cower."
Crazy Yiuf barely misses you.
Crazy Yiuf flaps his cloak.
You block Crazy Yiuf's attack.
You barely miss Crazy Yiuf.
Crazy Yiuf is lightly wounded.
Crazy Yiuf hits you with a +3 quarterstaff of chaos!
Crazy Yiuf draws strength from your wounds!
You hit Crazy Yiuf.
Crazy Yiuf is lightly wounded.
Crazy Yiuf hits you with a +3 quarterstaff of chaos.
You hit Crazy Yiuf.
Crazy Yiuf is moderately wounded.
Crazy Yiuf waves his quarterstaff at you.
Crazy Yiuf closely misses you.
Crazy Yiuf flaps his cloak.
You block Crazy Yiuf's attack.
You hit Crazy Yiuf.
Crazy Yiuf is heavily wounded.
Crazy Yiuf hits you with a +3 quarterstaff of chaos!
Crazy Yiuf freezes you.
You slash Crazy Yiuf!
Crazy Yiuf is almost dead.
Crazy Yiuf hits you with a +3 quarterstaff of chaos.
Crazy Yiuf burns you.
* * * LOW HITPOINT WARNING * * *
You hit Crazy Yiuf but do no damage.
Crazy Yiuf is almost dead.
Crazy Yiuf hits you with a +3 quarterstaff of chaos!
* * * LOW HITPOINT WARNING * * *
You are lethally poisoned!
You barely miss Crazy Yiuf.
Crazy Yiuf is almost dead.
* * * LOW HITPOINT WARNING * * *
You feel very sick. You block Crazy Yiuf's attack.
Unknown command.
You closely miss Crazy Yiuf.
Crazy Yiuf is almost dead.
You die...

####.....#..#.#
#.##..#..#.# #
#.##..#....# #
#.##.####### ####.##.#
#....##.##♣♣♣♣♣
#.##.....#P.♣.♣♣♣ ###
#.#####....P.♣..♣#...#
............♣♣♣♣@g...#
..#####..#.♣♣ ♣♣#..)#
.######.##♣♣ ### ........#
######..# ##......######
##.####..#...#
##.####..#.#.#
##....#....#.#############


You could see Crazy Yiuf.

Vanquished Creatures
  Sigmund (D:2)
  Terence (D:2)
  Jessica (D:2)
  Robin (D:2)
  An adder (D:2)
  2 worms (D:2)
  3 dart slugs
  4 bats
  An endoplasm (D:2)
  2 giant cockroaches (D:1)
  14 goblins
  10 hobgoblins
  3 jackals (D:1)
  2 kobolds
  A quokka (D:1)
  4 ball pythons
  3 frilled lizards
  A rat (D:1)
55 creatures vanquished.

Notes
Turn   | Place    | Note
-------+----------+-------------------------------------------
     0 | D:1      | SensoryNuts the Minotaur Fighter began the quest for the
                  | Orb.
     0 | D:1      | Reached XP level 1. HP: 19/19 MP: 0/0
   215 | D:1      | Reached XP level 2. HP: 21/27 MP: 1/1
   714 | D:1      | Found a faded altar of an unknown god.
   820 | D:1      | Reached XP level 3. HP: 33/33 MP: 2/2
  1378 | D:2      | Found a runed translucent door.
  1379 | D:2      | Noticed Crazy Yiuf
  1553 | D:2      | Noticed Terence
  1563 | D:2      | Killed Terence
  1564 | D:2      | Reached XP level 4. HP: 28/40 MP: 3/3
  1795 | D:2      | Noticed Robin
  1800 | D:2      | Noticed Jessica
  1823 | D:2      | Killed Robin
  1828 | D:2      | Killed Jessica
  1829 | D:2      | Reached XP level 5. HP: 12/47 MP: 4/4
  2145 | D:2      | Noticed Sigmund
  2158 | D:2      | Killed Sigmund
  2159 | D:2      | Reached skill level 5 in Axes
  2159 | D:2      | Reached skill level 5 in Armour
  2159 | D:2      | Reached skill level 1 in Dodging
  2159 | D:2      | Reached XP level 6. HP: 24/53 MP: 5/5
  2363 | D:2      | HP: 1/51 [poisoned by Crazy Yiuf]
  2364 | D:2      | Succumbed to Crazy Yiuf's poison

Illustrated notes

Levels and vault maps discovered:
D:1:      scummos_arrival_gate, layout_loops_ring,
          shapermc_ecumenical_altar_mp_vishouse
D:2:      layout_basic, uniq_robin, uniq_terence, uniq_crazy_yiuf_cottage,
          uniq_jessica, uniq_sigmund

Skill      XL: |  1  2  3  4  5 |
---------------+----------------+-----
Armour         | 4 5 |  5.0
Fighting       | 4 |  4.6
Axes           | 3 4 5 |  5.7
Shields        | 4 |  4.0
Dodging        | 1 |  1.0
Stealth        | |  0.4

Action                   |  1- 3 |  4- 6 || total
-------------------------+-------+-------++-------
Melee: War axe           |    74 |    51 ||   125
       Headbutt          |     3 |     3 ||     6
  Use: Scroll            |     3 |       ||     3
       Potion            |       |     2 ||     2
Armor: Scale mail        |    40 |    20 ||    60
Dodge: Dodged            |    44 |    19 ||    63
Block: Buckler           |    15 |    10 ||    25

Table legend: (Time is in decaauts)
 A = Elapsed time spent in this place.
 B = Non-inter-level travel time spent in this place.
 C = Inter-level travel time spent in this place.
 D = Time resting spent in this place.
 E = Time spent auto-exploring this place.
 F = Levels seen in this place.
 G = Mean time per level.
                   A        B        C        D        E       F      G
               +--------+--------+--------+--------+--------+-----+--------+
         Total |   2409 |   2370 |     39 |      0 |   2062 |   2 | 1204.5 |
       Dungeon |   2409 |   2370 |     39 |      0 |   2062 |   2 | 1204.5 |
               +--------+--------+--------+--------+--------+-----+--------+

Top non-repeatable levels by time:
     D:2: 1336 daAuts
     D:1: 1073 daAuts
